Map: New Repugnancy LE

Players

SolidSnake - Winner!

  • Race: Zerg Zerg
  • League: Gold
  • Spawn Location: 7:00

NecroSquid

  • Race: Protoss Protoss
  • League: Silver
  • Spawn Location: 1:00

VOD

Have the link to the VOD?

Description

A good example of Macro Style Zerg Roach Ravager

Time

  • Played on: April 16, 2019, 7:57 p.m.
  • Length: 9:19
Show
View Real Time Build Order
Export as new Build Order

SolidSnake Zerg - Winner!

Build Orders: Hatch First 

Get SALT Encoding   

  12  0:03  Drone  
  13  0:15  Drone  
  14  0:39  Hatchery  
  14  0:41  Drone  
  14  0:45  Extractor  
  14  0:46  Drone  
  14  0:55  Overlord  
  14  1:17  Spawning Pool  
  14  1:18  Drone  
  14  1:21  Drone  
  15  1:25  Drone  
  15  1:31  Drone  
  17  1:44  Drone  
  18  1:59  Drone x2  
  20  2:06  Zergling x4  
  22  2:10  Queen  
  24  2:15  Zergling x2  
  24  2:16  Zergling x2  
  26  2:26  Metabolic Boost  
  26  2:28  Overlord  
  26  2:30  Drone  
  27  2:38  Drone  
  27  2:39  Overlord  
  28  2:46  Queen  
  28  2:50  Drone  
  31  2:52  Drone  
  31  2:57  Drone x2  
  32  3:21  Zergling x2  
  32  3:22  Overlord x2, Drone x4  
  36  3:31  Spore Crawler  
  34  3:34  Spine Crawler  
  34  3:38  Drone  
  34  3:39  Drone x2  
  36  3:51  Roach Warren  
  36  3:53  Extractor  
  34  3:56  Lair  
  34  4:00  Zergling x8  
  38  4:06  Extractor  
  38  4:09  Extractor  
  36  4:16  Drone  
  37  4:17  Overlord x2, Drone  
  37  4:22  Spore Crawler  
  37  4:26  Drone x4  
  38  4:55  Hatchery  
  35  5:02  Overlord x2  
  35  5:03  Overlord  
  35  5:11  Drone x3  
  35  5:12  Drone x2  
  35  5:13  Overlord x2  
  40  5:22  Evolution Chamber  
  40  5:24  Evolution Chamber  
  38  5:35  Glial Reconstitution  
  38  5:37  Drone x2  
  38  5:38  Drone x3  
  38  5:40  Overlord  
  43  5:51  Zerg Missile Weapons Level 1  
  43  5:52  Zerg Ground Armor Level 1  
  43  5:55  Drone x2  
  45  6:01  Queen  
  47  6:17  Roach x2  
  47  6:18  Roach x4  
  59  6:20  Roach  
  59  6:23  Roach  
  65  6:25  Roach  
  65  6:28  Roach  
  65  6:31  Roach  
  69  6:36  Queen  
  71  6:43  Roach x2  
  71  6:45  Drone x2  
  77  6:55  Drone x5  
  77  6:58  Overlord  
  82  7:11  Spore Crawler, Roach x3  
  82  7:12  Roach  
  89  7:24  Roach x3  
  89  7:25  Roach x2  
  99  7:33  Ravager x3  
  99  7:34  Ravager x2  
  99  7:35  Roach x2  
  99  7:36  Roach  
  110  7:38  Roach  
  110  7:40  Roach  
  114  7:48  Overlord  
  114  7:50  Overlord  
  114  7:56  Roach x4  
  114  7:57  Roach  
  124  8:10  Queen  
  124  8:11  Overseer  
  126  8:21  Roach  
  126  8:22  Roach x6  
  126  8:23  Roach  
  142  8:32  Drone  
  142  8:33  Overlord x3, Drone  
Show
View Real Time Build Order
Export as new Build Order

NecroSquid Protoss 

Build Orders:  

Get SALT Encoding   

  12  0:01  Probe  
  13  0:13  Probe  
  14  0:26  Pylon  
  14  0:30  Probe  
  15  0:40  Probe  
  15  0:48  Probe  
  16  0:53  Gateway  
  17  1:02  Assimilator  
  17  1:07  Probe  
  18  1:15  Probe  
  18  1:22  Pylon  
  18  1:25  Probe, Assimilator  
  20  1:37  Probe  
  21  1:49  Probe  
  22  1:54  Cybernetics Core  
  22  2:00  Zealot  
  24  2:10  Forge  
  24  2:16  Pylon  
  24  2:25  Nexus  
  24  2:28  Probe  
  25  2:33  Warp Gate  
  25  2:38  Sentry  
  25  2:40  Probe  
  28  2:48  Probe  
  28  2:56  Probe, Gateway  
  22  3:33  Probe  
  21  3:39  Probe  
  22  3:43  Photon Cannon  
  22  3:45  Probe  
  22  3:48  Pylon  
  23  3:50  Sentry  
  23  3:51  Probe  
  23  3:52  Protoss Ground Weapons Level 1  
  26  3:57  Probe  
  26  3:59  Probe  
  27  4:08  Probe  
  27  4:09  Probe  
  29  4:16  Stalker  
  32  4:17  Probe  
  32  4:21  Probe  
  34  4:32  Probe  
  35  4:40  Probe  
  36  4:45  Assimilator  
  35  4:55  Stalker  
  35  4:56  Probe, Stalker  
  36  5:02  Probe  
  36  5:05  Probe  
  39  5:14  Probe x2  
  39  5:17  Robotics Facility  
  41  5:21  Pylon  
  41  5:34  Pylon  
  41  5:37  Pylon  
  41  5:44  Stalker x2  
  41  5:46  Pylon  
  45  5:55  Probe  
  45  5:58  Probe  
  45  6:03  Probe  
  47  6:04  Observer  
  47  6:06  Probe  
  47  6:10  Photon Cannon  
  50  6:22  Observer  
  50  6:24  Robotics Bay  
  51  6:38  Stalker  
  51  6:39  Stalker  
  55  6:43  Observer  
  55  6:46  Forge  
  56  6:54  Pylon  
  56  6:56  Probe  
  57  7:05  Nexus, Immortal  
  62  7:08  Probe  
  62  7:10  Pylon  
  62  7:12  Pylon  
  62  7:15  Pylon  
  62  7:18  Pylon  
  62  7:20  Probe  
  63  7:23  Stalker  
  63  7:24  Stalker  
  67  7:38  Probe  
  67  7:41  Probe  
  69  7:46  Probe  
  69  7:48  Assimilator  
  69  7:51  Pylon  
  70  7:53  Probe  
  71  8:18  Colossus  
  71  8:23  Stalker  
  71  8:24  Stalker  
  75  8:50  Stalker x2  
Tags
 
Add a new tag
Caveats
  • Supply blocks, unpowered buildings, or Contaminate may cause inaccurate times.
  • Supply counts are checked every 10 seconds.